[Event "FICS rated blitz game"]
[Site "FICS freechess.org"]
[FICSGamesDBGameNo "20002249"]
[White "maag"]
[Black "Pandolfi"]
[WhiteElo "1617"]
[BlackElo "1512"]
[WhiteRD "na"]
[BlackRD "na"]
[TimeControl "120+12"]
[Date "1999.10.03"]
[Time "02:24:00"]
[WhiteClock "0:02:00.000"]
[BlackClock "0:02:00.000"]
[ECO "D10"]
[PlyCount "104"]
[Result "0-1"]

1. d4 d5 2. c4 c6 3. Nc3 Nf6 4. Bf4 dxc4 5. e4 b5 6. a4 b4 7. Na2 b3 8. Nc3 Ba6 9. Nf3 e6 10. Nd2 Bb4 11. Be3 Bxc3 12. bxc3 Qa5 13. Qc1 Nbd7 14. e5 Nd5 15. Bxc4 Bxc4 16. Nxc4 Qxc3+ 17. Qxc3 Nxc3 18. O-O Nb6 19. Rfc1 Ne2+ 20. Kf1 Nxc1 21. Rxc1 Nxc4 22. Rxc4 Rb8 23. Rc1 Kd7 24. Rb1 Rb4 25. Ke2 Rhb8 26. Kd3 Rxa4 27. Kc3 Rab4 28. Bc1 a5 29. Ba3 R4b5 30. Rb2 a4 31. f4 f6 32. g3 fxe5 33. fxe5 Ke8 34. Rf2 Kd7 35. Kb2 Rg8 36. Rf7+ Kc8 37. Re7 Rf8 38. Rxe6 Rf2+ 39. Kc3 b2 40. Rxc6+ Kb7 41. Bxb2 Rbxb2 42. Re6 a3 43. Re7+ Kb6 44. Re8 Rxh2 45. Ra8 Rhc2+ 46. Kd3 a2 47. e6 Re2 48. d5 Kc5 49. Ra5+ Kd6 50. Kc3 Rb1 51. Kd3 Reb2 52. Ra6+ Kxd5 {White resigns} 0-1

[Event "FICS rated blitz game"]
[Site "FICS freechess.org"]
[FICSGamesDBGameNo "20002247"]
[White "zoso"]
[Black "dbercot"]
[WhiteElo "1453"]
[BlackElo "1336"]
[WhiteRD "na"]
[BlackRD "na"]
[TimeControl "120+12"]
[Date "1999.10.02"]
[Time "22:36:00"]
[WhiteClock "0:02:00.000"]
[BlackClock "0:02:00.000"]
[ECO "A02"]
[PlyCount "66"]
[Result "1-0"]

1. f4 Nf6 2. Nf3 g6 3. d3 Bg7 4. e4 d6 5. Be2 c5 6. O-O b5 7. f5 gxf5 8. exf5 Nbd7 9. Bg5 Qb6 10. Kh1 h6 11. Bh4 Bb7 12. Nc3 b4 13. Na4 Qc7 14. d4 c4 15. c3 Bc6 16. cxb4 a5 17. bxa5 Rxa5 18. Nc3 O-O 19. Bg3 Ne4 20. Nxe4 Bxe4 21. a3 d5 22. Nd2 Bxf5 23. Bxc7 Bxd4 24. Bxa5 Bxb2 25. Ra2 Be5 26. Bg4 Bxg4 27. Qxg4+ Kh7 28. Qxd7 Bd6 29. Qf5+ Kh8 30. Bc3+ f6 31. Rf3 Rg8 32. Rh3 Rg5 33. Rxh6+ Kg7 {Black resigns} 1-0

[Event "FICS rated standard game"]
[Site "FICS freechess.org"]
[FICSGamesDBGameNo "20002245"]
[White "GidalteNeto"]
[Black "cheberber"]
[WhiteElo "1487"]
[BlackElo "1608"]
[WhiteRD "na"]
[BlackRD "na"]
[TimeControl "2280+12"]
[Date "1999.10.02"]
[Time "21:50:00"]
[WhiteClock "0:38:00.000"]
[BlackClock "0:38:00.000"]
[ECO "D00"]
[PlyCount "71"]
[Result "1-0"]

1. d4 d5 2. Nc3 Nf6 3. Bf4 Nc6 4. Nb5 e5 5. dxe5 Nd7 6. e6 Nde5 7. exf7+ Kxf7 8. e3 Bg4 9. Be2 Bf5 10. Nf3 Nxf3+ 11. Bxf3 Bb4+ 12. c3 Ba5 13. Bxd5+ Be6 14. Bxe6+ Kxe6 15. Qg4+ Kf7 16. O-O Rf8 17. Nd4 Ne7 18. Ne6 Qd7 19. Nxf8 Qxg4 20. Nxh7 Rh8 21. Ng5+ Kg6 22. h3 Qf5 23. Nf3 Nd5 24. Ne5+ Kf6 25. Ng4+ Kf7 26. Bg3 c6 27. Rad1 Bd8 28. Rfe1 Qc2 29. e4 Nf6 30. Ne5+ Ke6 31. Nf3 Nxe4 32. Nd4+ Kf7 33. Nxc2 Nxg3 34. fxg3 Bb6+ 35. Kh2 Bf2 36. Rf1 {Black resigns} 1-0

[Event "FICS rated blitz game"]
[Site "FICS freechess.org"]
[FICSGamesDBGameNo "20002243"]
[White "Topol"]
[Black "nonfish"]
[WhiteElo "1753"]
[BlackElo "1010"]
[WhiteRD "na"]
[BlackRD "na"]
[TimeControl "300+0"]
[Date "1999.10.02"]
[Time "20:15:00"]
[WhiteClock "0:05:00.000"]
[BlackClock "0:05:00.000"]
[ECO "D02"]
[PlyCount "66"]
[Result "1-0"]

1. d4 d5 2. Nf3 Bg4 3. Ne5 h5 4. c4 Bf5 5. Qb3 Bxb1 6. Rxb1 Nd7 7. cxd5 Nxe5 8. dxe5 e6 9. e4 exd5 10. Qxb7 dxe4 11. Qc6+ Ke7 12. Be3 Rh6 13. Bc5+ Rd6 14. Rd1 Ke6 15. Bc4+ Kxe5 16. Bxd6+ cxd6 17. Qd5+ Kf6 18. Qe5+ Kg6 19. Qf6+ Nxf6 20. Rxd6 Rc8 21. Rxd8 Rxd8 22. O-O Bb4 23. a3 Bd2 24. b4 Nd5 25. Rd1 Nb6 26. Be2 Bf4 27. g3 Rxd1+ 28. Bxd1 Bd6 29. Kg2 a6 30. Bxh5+ Kxh5 31. g4+ Kg6 32. Kh3 f5 33. gxf5+ Kxf5 {Black forfeits on time} 1-0

[Event "FICS rated blitz game"]
[Site "FICS freechess.org"]
[FICSGamesDBGameNo "20002242"]
[White "bemji"]
[Black "PacoBlanca"]
[WhiteElo "1329"]
[BlackElo "1326"]
[WhiteRD "na"]
[BlackRD "na"]
[TimeControl "360+2"]
[Date "1999.10.02"]
[Time "19:55:00"]
[WhiteClock "0:06:00.000"]
[BlackClock "0:06:00.000"]
[ECO "A45"]
[PlyCount "49"]
[Result "0-1"]

1. d4 Nf6 2. e3 d6 3. Nc3 g6 4. Nf3 Bg7 5. b3 O-O 6. Bb2 Bg4 7. Be2 c6 8. Qd3 Nbd7 9. O-O-O a5 10. e4 b5 11. h3 Bxf3 12. Bxf3 a4 13. e5 Ne8 14. h4 axb3 15. cxb3 Qa5 16. Bxc6 b4 17. Bxa8 bxc3 18. Qxc3 Qxa2 19. Bc6 Nb6 20. Bxe8 Rxe8 21. Qc2 Bh6+ 22. Rd2 Bxd2+ 23. Kxd2 Rc8 24. Qd1 Qxb2+ 25. Ke1 {White resigns} 0-1

[Event "FICS rated lightning game"]
[Site "FICS freechess.org"]
[FICSGamesDBGameNo "20002241"]
[White "Krastapov"]
[Black "larsa"]
[WhiteElo "2361"]
[BlackElo "2078"]
[WhiteRD "na"]
[BlackRD "na"]
[TimeControl "60+0"]
[Date "1999.10.02"]
[Time "18:00:00"]
[WhiteClock "0:01:00.000"]
[BlackClock "0:01:00.000"]
[ECO "A00"]
[PlyCount "81"]
[Result "1-0"]

1. e4 d5 2. Nc3 dxe4 3. Nxe4 h6 4. Nf3 Bf5 5. Nc3 Bh7 6. d4 Nf6 7. Bd3 Bxd3 8. Qxd3 e6 9. O-O c6 10. Re1 Nbd7 11. Bf4 Be7 12. Rad1 O-O 13. Ne4 Nxe4 14. Qxe4 Nf6 15. Qd3 Qd5 16. c4 Qh5 17. Be5 Ng4 18. h3 Nxe5 19. Rxe5 Qg6 20. Qxg6 fxg6 21. Rxe6 Bf6 22. b3 Rad8 23. d5 cxd5 24. cxd5 Bc3 25. Re3 Bb4 26. Red3 Bd6 27. Nd4 Rd7 28. Ne6 Rf5 29. g4 Re5 30. f4 Re2 31. R3d2 Re3 32. Rd3 Re2 33. R1d2 Re1+ 34. Kg2 Ra1 35. Rc2 Re1 36. Rc8+ Kf7 37. Rd2 Re4 38. Rc4 Rxc4 39. bxc4 b6 40. Rf2 Kg8 41. f5 {Black forfeits on time} 1-0

[Event "FICS rated blitz game"]
[Site "FICS freechess.org"]
[FICSGamesDBGameNo "20002240"]
[White "UncleVanya"]
[Black "DexterLab"]
[WhiteElo "1292"]
[BlackElo "1376"]
[WhiteRD "na"]
[BlackRD "na"]
[TimeControl "240+0"]
[Date "1999.10.02"]
[Time "17:55:00"]
[WhiteClock "0:04:00.000"]
[BlackClock "0:04:00.000"]
[ECO "C50"]
[PlyCount "45"]
[Result "1-0"]

1. e4 e5 2. Nf3 Nc6 3. Bc4 Nd4 4. Nxd4 exd4 5. Qf3 f6 6. O-O Bc5 7. Re1 Ne7 8. e5 Nc6 9. exf6+ Kf8 10. fxg7+ Kxg7 11. Qg4+ Kf8 12. Qf5+ Kg7 13. Qf7+ Kh6 14. d3+ Qg5 15. Bxg5+ Kxg5 16. h4+ Kxh4 17. Re4+ Kg5 18. f4+ Kg4 19. f5+ Kg5 20. Nd2 d5 21. Nf3+ Kh6 22. Qf6+ Kh5 23. Rh4# {Black checkmated} 1-0

[Event "FICS rated blitz game"]
[Site "FICS freechess.org"]
[FICSGamesDBGameNo "20002239"]
[White "alamo"]
[Black "hpoli"]
[WhiteElo "1544"]
[BlackElo "1520"]
[WhiteRD "na"]
[BlackRD "na"]
[TimeControl "300+6"]
[Date "1999.10.02"]
[Time "15:12:00"]
[WhiteClock "0:05:00.000"]
[BlackClock "0:05:00.000"]
[ECO "B23"]
[PlyCount "55"]
[Result "1-0"]

1. e4 c5 2. Nc3 e6 3. f4 d6 4. Bc4 a6 5. a3 b5 6. Ba2 Bb7 7. d3 Nf6 8. Nf3 Be7 9. O-O O-O 10. Bd2 Nc6 11. Qe1 Rc8 12. Qg3 Nd4 13. Nxd4 cxd4 14. Ne2 Rxc2 15. Rfd1 Rxb2 16. Nxd4 d5 17. Bc3 Rxa2 18. Rxa2 Qb6 19. Kh1 Rc8 20. Ba1 dxe4 21. dxe4 Nxe4 22. Qg4 Nf2+ 23. Rxf2 f5 24. Nxf5 Bf6 25. Bxf6 g6 26. Nh6+ Kf8 27. Rfd2 Bd5 28. Rxd5 {Black resigns} 1-0

[Event "FICS rated blitz game"]
[Site "FICS freechess.org"]
[FICSGamesDBGameNo "20002238"]
[White "wart"]
[Black "Bobdaf"]
[WhiteElo "1469"]
[BlackElo "1500"]
[WhiteRD "na"]
[BlackRD "na"]
[TimeControl "300+0"]
[Date "1999.10.02"]
[Time "15:11:00"]
[WhiteClock "0:05:00.000"]
[BlackClock "0:05:00.000"]
[ECO "C44"]
[PlyCount "80"]
[Result "0-1"]

1. e4 e5 2. Nf3 Nc6 3. d4 exd4 4. c3 dxc3 5. Bc4 cxb2 6. Bxb2 Nf6 7. Qb3 d5 8. exd5 Bb4+ 9. Nc3 Bxc3+ 10. Bxc3 Ne7 11. d6 cxd6 12. Bxf7+ Kf8 13. O-O h5 14. Bg6 d5 15. Bc2 Bg4 16. Ne5 Qc7 17. Rfe1 Rc8 18. Bb4 Qxc2 19. Bxe7+ Kg8 20. Bxf6 Qxb3 21. axb3 gxf6 22. Ng6 Rh6 23. Ne7+ Kf8 24. Nxc8 Bxc8 25. Re2 h4 26. Rae1 Bd7 27. h3 Bc6 28. Re7 Rg6 29. Kh2 d4 30. g3 hxg3+ 31. fxg3 d3 32. Rd1 Kxe7 33. Rxd3 f5 34. h4 Rd6 35. Re3+ Kf6 36. Re1 Rd2+ 37. Kg1 Rg2+ 38. Kf1 Rxg3 39. Kf2 Rxb3 40. h5 Rh3 {White resigns} 0-1

[Event "FICS rated blitz game"]
[Site "FICS freechess.org"]
[FICSGamesDBGameNo "20002237"]
[White "fuchs"]
[Black "lukie"]
[WhiteElo "1766"]
[BlackElo "1848"]
[WhiteRD "na"]
[BlackRD "na"]
[TimeControl "120+10"]
[Date "1999.10.02"]
[Time "12:18:00"]
[WhiteClock "0:02:00.000"]
[BlackClock "0:02:00.000"]
[ECO "D77"]
[PlyCount "90"]
[Result "1/2-1/2"]

1. d4 Nf6 2. Nf3 g6 3. g3 Bg7 4. Bg2 d5 5. O-O O-O 6. c4 dxc4 7. Na3 Nc6 8. Nxc4 Be6 9. b3 Bd5 10. Bb2 a5 11. e3 a4 12. Qe2 axb3 13. axb3 e6 14. Rxa8 Qxa8 15. Ra1 Qd8 16. Rd1 Ne4 17. Nfe5 Nxe5 18. Nxe5 Qe7 19. Qc2 Nf6 20. e4 Bc6 21. Nxc6 bxc6 22. Qxc6 Rb8 23. Qc4 Qb4 24. Qxb4 Rxb4 25. Rd3 Nd7 26. Kf1 h5 27. Ke2 Rb5 28. f4 c5 29. e5 c4 30. Rc3 Rxb3 31. Rxb3 cxb3 32. d5 exd5 33. Bxd5 Nc5 34. Ke3 Bf8 35. Kd2 Na4 36. Kc1 Nxb2 37. Kxb2 Bc5 38. e6 fxe6 39. Bxe6+ Kg7 40. h3 Bf2 41. g4 hxg4 42. hxg4 Be3 43. f5 gxf5 44. gxf5 Kf6 45. Kxb3 Bf4 {Game drawn by mutual agreement} 1/2-1/2

[Event "FICS rated blitz game"]
[Site "FICS freechess.org"]
[FICSGamesDBGameNo "20002236"]
[White "AlixM"]
[Black "roboton"]
[WhiteElo "1526"]
[BlackElo "1547"]
[WhiteRD "na"]
[BlackRD "na"]
[TimeControl "300+0"]
[Date "1999.10.02"]
[Time "11:12:00"]
[WhiteClock "0:05:00.000"]
[BlackClock "0:05:00.000"]
[ECO "B01"]
[PlyCount "52"]
[Result "0-1"]

1. e4 d5 2. exd5 Qxd5 3. Nc3 Qa5 4. d4 Nf6 5. Nf3 Bg4 6. h3 Bh5 7. g4 Bg6 8. Ne5 e6 9. Nc4 Qa6 10. h4 h6 11. Ne5 Qd6 12. Bf4 Qe7 13. Nxg6 fxg6 14. Bc4 Nc6 15. Nb5 Qb4+ 16. Qd2 Qxc4 17. Nxc7+ Kd7 18. Nxa8 Bb4 19. c3 Ba5 20. b4 Ne4 21. Qc2 Nxd4 22. Qxe4 Qxc3+ 23. Kf1 Qxa1+ 24. Kg2 Qxa2 25. Qxb7+ Ke8 26. bxa5 Qd5+ {White forfeits on time} 0-1

[Event "FICS rated blitz game"]
[Site "FICS freechess.org"]
[FICSGamesDBGameNo "20002235"]
[White "ccortese"]
[Black "toe"]
[WhiteElo "1430"]
[BlackElo "1417"]
[WhiteRD "na"]
[BlackRD "na"]
[TimeControl "180+10"]
[Date "1999.10.02"]
[Time "11:02:00"]
[WhiteClock "0:03:00.000"]
[BlackClock "0:03:00.000"]
[ECO "A80"]
[PlyCount "53"]
[Result "1-0"]

1. d4 f5 2. Nf3 Nf6 3. c4 b6 4. e3 Bb7 5. Be2 e6 6. O-O Be7 7. Nc3 O-O 8. d5 exd5 9. cxd5 Na6 10. a3 Nc5 11. Bc4 d6 12. b4 Nce4 13. Nxe4 Nxe4 14. Bb2 Bf6 15. Qc2 Rc8 16. Nd4 Bxd4 17. Bxd4 c5 18. dxc6+ Kh8 19. cxb7 Rc7 20. Qb2 Rxc4 21. Bxg7+ Kg8 22. Bxf8 Qxf8 23. Rac1 Rxc1 24. Rxc1 Kf7 25. Qb3+ Kf6 26. Rc8 Qe7 27. b8=Q {Black resigns} 1-0

[Event "FICS rated blitz game"]
[Site "FICS freechess.org"]
[FICSGamesDBGameNo "20002234"]
[White "andycap"]
[Black "mishmash"]
[WhiteElo "1748"]
[BlackElo "1889"]
[WhiteRD "na"]
[BlackRD "na"]
[TimeControl "180+0"]
[Date "1999.10.02"]
[Time "10:51:00"]
[WhiteClock "0:03:00.000"]
[BlackClock "0:03:00.000"]
[ECO "A04"]
[PlyCount "56"]
[Result "0-1"]

1. Nf3 g6 2. g3 Bg7 3. Bg2 c6 4. O-O e5 5. c4 d6 6. Nc3 Be6 7. d3 Nh6 8. Rb1 f6 9. b4 O-O 10. b5 Nd7 11. bxc6 bxc6 12. Nd2 Qc7 13. Qa4 Rfc8 14. Ba3 Nb6 15. Qa6 d5 16. cxd5 Bxd5 17. Nxd5 cxd5 18. Rfc1 Qd8 19. Nb3 Nf5 20. Na5 Nd4 21. Kf1 Bh6 22. e3 Nc2 23. Nb7 Qc7 24. Bd6 Qc3 25. Kg1 Qd2 26. Nc5 Bxe3 27. fxe3 Nxe3 28. Bh3 f5 {White forfeits on time} 0-1

[Event "FICS rated blitz game"]
[Site "FICS freechess.org"]
[FICSGamesDBGameNo "20002233"]
[White "VrtA"]
[Black "Belgrade"]
[WhiteElo "1646"]
[BlackElo "1518"]
[WhiteRD "na"]
[BlackRD "na"]
[TimeControl "180+0"]
[Date "1999.10.02"]
[Time "08:45:00"]
[WhiteClock "0:03:00.000"]
[BlackClock "0:03:00.000"]
[ECO "C46"]
[PlyCount "76"]
[Result "1-0"]

1. e4 e5 2. Nf3 Nc6 3. Nc3 d6 4. Bb5 Bg4 5. h3 Bh5 6. d4 exd4 7. Qxd4 Bxf3 8. gxf3 a6 9. Bxc6+ bxc6 10. Bf4 Qh4 11. Bg3 Qf6 12. Qd3 g6 13. O-O-O Bh6+ 14. Kb1 Ne7 15. e5 Qf5 16. exd6 Qxd3 17. Rxd3 cxd6 18. Re1 Bg5 19. Bxd6 Ra7 20. Be5 f6 21. Bd6 f5 22. Be5 Rf8 23. Bd6 Rf7 24. Bc5 Rd7 25. Red1 Rxd3 26. Rxd3 h5 27. Rd6 Nd5 28. Nxd5 cxd5 29. Rxd5 Rc7 30. Be3 f4 31. Bd2 Re7 32. Rxg5 Re2 33. Kc1 Rxf2 34. Rxg6 Rxf3 35. Rg5 Rxh3 36. Kd1 f3 37. Ke1 Rh2 38. Rf5 f2+ {Black forfeits on time} 1-0

[Event "FICS rated blitz game"]
[Site "FICS freechess.org"]
[FICSGamesDBGameNo "20002232"]
[White "stefanetti"]
[Black "acacia"]
[WhiteElo "1842"]
[BlackElo "1838"]
[WhiteRD "na"]
[BlackRD "na"]
[TimeControl "180+0"]
[Date "1999.10.02"]
[Time "08:21:00"]
[WhiteClock "0:03:00.000"]
[BlackClock "0:03:00.000"]
[ECO "A40"]
[PlyCount "120"]
[Result "1/2-1/2"]

1. d4 e6 2. Nf3 c5 3. e3 cxd4 4. exd4 d5 5. c3 Nf6 6. Bd3 a6 7. O-O Bd6 8. Bg5 Qc7 9. Qe2 Bf4 10. Bxf4 Qxf4 11. Nbd2 O-O 12. g3 Qg4 13. Kg2 Nc6 14. h3 Qh5 15. Rfe1 e5 16. dxe5 Qxh3+ 17. Kg1 Ng4 18. Qf1 Qxf1+ 19. Kxf1 Re8 20. Rad1 Ncxe5 21. Nxe5 Nxe5 22. f4 Bh3+ 23. Kg1 Nxd3 24. Rxe8+ Rxe8 25. Nf3 Nxb2 26. Rxd5 Be6 27. Rd2 Nc4 28. Re2 h6 29. Nd4 b5 30. Kf2 Rc8 31. Nxe6 fxe6 32. Rxe6 a5 33. Ra6 b4 34. cxb4 axb4 35. Ra4 Rb8 36. Ke2 Nb2 37. Ra7 b3 38. axb3 Rxb3 39. Kf2 Nc4 40. Rc7 Ne3 41. Rc8+ Kh7 42. Rc7 Ng4+ 43. Kg2 Kg6 44. Kh3 Nf6 45. Rc6 Kf5 46. Kg2 g5 47. fxg5 hxg5 48. Rc5+ Kg6 49. Rc6 g4 50. Rc4 Rb2+ 51. Kg1 Kg5 52. Rc5+ Kg6 53. Rc4 Rb3 54. Kg2 Rf3 55. Rxg4+ Nxg4 56. Kxf3 Ne5+ 57. Kf4 Nf7 58. g4 Nh6 59. g5 Nf7 60. Kg4 Nxg5 {Neither player has mating material} 1/2-1/2

[Event "FICS rated blitz game"]
[Site "FICS freechess.org"]
[FICSGamesDBGameNo "20002231"]
[White "MartijnM"]
[Black "worldsong"]
[WhiteElo "1902"]
[BlackElo "1832"]
[WhiteRD "na"]
[BlackRD "na"]
[TimeControl "300+0"]
[Date "1999.10.02"]
[Time "05:31:00"]
[WhiteClock "0:05:00.000"]
[BlackClock "0:05:00.000"]
[ECO "B52"]
[PlyCount "135"]
[Result "1/2-1/2"]

1. e4 c5 2. Nf3 d6 3. Bb5+ Bd7 4. Bxd7+ Nxd7 5. c4 Ngf6 6. Nc3 g6 7. O-O Bg7 8. d3 O-O 9. Qc2 a6 10. b3 b5 11. Bb2 Rb8 12. Ne2 bxc4 13. bxc4 Qa5 14. Bc3 Qa3 15. Rfb1 Rxb1+ 16. Rxb1 Rb8 17. Rxb8+ Nxb8 18. Qb3 Qxb3 19. axb3 Nc6 20. Nd2 Kf8 21. f4 a5 22. h3 Nd7 23. Bxg7+ Kxg7 24. Kf2 Kf6 25. Ke3 e6 26. g4 g5 27. fxg5+ Kxg5 28. Nf3+ Kg6 29. Nf4+ Kf6 30. g5+ Kg7 31. h4 h6 32. h5 hxg5 33. Nxg5 Nde5 34. Ngh3 Nd4 35. Ne2 Nxb3 36. Nc3 Nc1 37. Nf4 Nb3 38. Nfe2 Kh6 39. Nf4 Nd4 40. Nb5 Nxb5 41. cxb5 Nd7 42. Kd2 Nb6 43. Kc3 a4 44. Kb2 f5 45. Nxe6 fxe4 46. dxe4 Kxh5 47. Nc7 Kg5 48. Nd5 Nd7 49. b6 Kg4 50. b7 Kf3 51. Ka3 Nb8 52. Nc3 Ke3 53. Kxa4 Kd4 54. Kb3 Nc6 55. Nb5+ Ke5 56. Nc7 Kxe4 57. Na6 Kd3 58. b8=Q Nxb8 59. Nxb8 c4+ 60. Ka2 c3 61. Nc6 d5 62. Kb3 Kd2 63. Nd4 Kd3 64. Nc2 d4 65. Nxd4 Kxd4 66. Kc2 Kc4 67. Kc1 Kd3 68. Kd1 {Game drawn by mutual agreement} 1/2-1/2

[Event "FICS rated lightning game"]
[Site "FICS freechess.org"]
[FICSGamesDBGameNo "20002230"]
[White "zoooms"]
[Black "alexki"]
[WhiteElo "1826"]
[BlackElo "1714"]
[WhiteRD "na"]
[BlackRD "na"]
[TimeControl "60+0"]
[Date "1999.10.02"]
[Time "00:36:00"]
[WhiteClock "0:01:00.000"]
[BlackClock "0:01:00.000"]
[ECO "B00"]
[PlyCount "44"]
[Result "0-1"]

1. e4 b6 2. Nf3 Bb7 3. d3 e6 4. Be2 d5 5. exd5 Bxd5 6. O-O Nf6 7. Nc3 h6 8. Nxd5 exd5 9. h3 Bd6 10. Nh2 O-O 11. Bf3 c6 12. Be3 Qc7 13. Ng4 Nxg4 14. Bxg4 Nd7 15. Qd2 Ne5 16. Be2 Ng6 17. c4 Rfe8 18. cxd5 cxd5 19. Rac1 Qb8 20. Bf3 Nf4 21. Bxf4 Bxf4 22. Qxf4 Qxf4 {White resigns} 0-1

[Event "FICS rated blitz game"]
[Site "FICS freechess.org"]
[FICSGamesDBGameNo "20002228"]
[White "Opponent"]
[Black "MoonieHacker"]
[WhiteElo "1329"]
[BlackElo "1316"]
[WhiteRD "na"]
[BlackRD "na"]
[TimeControl "180+12"]
[Date "1999.10.01"]
[Time "21:55:00"]
[WhiteClock "0:03:00.000"]
[BlackClock "0:03:00.000"]
[ECO "B22"]
[PlyCount "91"]
[Result "1-0"]

1. e4 c5 2. c3 Nf6 3. d3 d6 4. Bg5 e5 5. Nf3 Be7 6. Bxf6 Bxf6 7. Na3 Be6 8. d4 exd4 9. Bb5+ Nc6 10. cxd4 Qa5+ 11. Qd2 Qxd2+ 12. Kxd2 cxd4 13. Rac1 Rb8 14. b3 d5 15. e5 Be7 16. Nb1 Bd7 17. Ke2 Nxe5 18. Bxd7+ Nxd7 19. Nxd4 O-O 20. Rhe1 Bf6 21. Nf3 Rfe8+ 22. Kf1 Rxe1+ 23. Kxe1 Nb6 24. Rd1 Rc8 25. Nbd2 Rc2 26. a4 Na8 27. h3 Nc7 28. g3 Bc3 29. Ke2 Bxd2 30. Rxd2 Rc3 31. b4 Rc4 32. Rb2 Re4+ 33. Kd3 b6 34. Nd2 a6 35. Nxe4 dxe4+ 36. Kxe4 f6 37. Rc2 Ne6 38. Rc6 Ng5+ 39. Ke3 Nxh3 40. Rxb6 a5 41. bxa5 Ng5 42. a6 Nf7 43. a7 Ne5 44. a8=Q+ Kf7 45. Qd5+ Kg6 46. Qxe5 {Black resigns} 1-0

[Event "FICS rated blitz game"]
[Site "FICS freechess.org"]
[FICSGamesDBGameNo "20002227"]
[White "poison"]
[Black "filimonz"]
[WhiteElo "1557"]
[BlackElo "1436"]
[WhiteRD "na"]
[BlackRD "na"]
[TimeControl "180+0"]
[Date "1999.10.01"]
[Time "21:52:00"]
[WhiteClock "0:03:00.000"]
[BlackClock "0:03:00.000"]
[ECO "C45"]
[PlyCount "33"]
[Result "1-0"]

1. e4 e5 2. Nf3 Nc6 3. d4 exd4 4. Nxd4 Bc5 5. Nb3 Bb6 6. Nc3 d6 7. Bb5 Ne7 8. O-O O-O 9. Kh1 Ng6 10. Bxc6 bxc6 11. f4 Bb7 12. Qg4 a5 13. a4 Bc8 14. Qg3 Bd7 15. f5 Ne5 16. Bh6 Qf6 17. Bg5 {Black resigns} 1-0

[Event "FICS rated standard game"]
[Site "FICS freechess.org"]
[FICSGamesDBGameNo "20002226"]
[White "PacoBlanca"]
[Black "FrozenPawn"]
[WhiteElo "1718"]
[BlackElo "1430"]
[WhiteRD "na"]
[BlackRD "na"]
[TimeControl "1260+0"]
[Date "1999.10.01"]
[Time "21:46:00"]
[WhiteClock "0:21:00.000"]
[BlackClock "0:21:00.000"]
[ECO "B08"]
[PlyCount "70"]
[Result "0-1"]

1. e4 d6 2. d4 Nf6 3. Nc3 g6 4. h3 Bg7 5. Nf3 O-O 6. Be3 Re8 7. Bd3 e5 8. dxe5 dxe5 9. Qd2 Nc6 10. a3 b6 11. O-O-O Bb7 12. Bh6 Qd6 13. g4 Nd4 14. Bxg7 Kxg7 15. Nxd4 exd4 16. Nb5 Qc5 17. b4 Qe7 18. Nxd4 Nxe4 19. Bxe4 Bxe4 20. Rhe1 Rad8 21. Qc3 Qg5+ 22. Kb2 Kh6 23. f3 Bb7 24. Rxe8 Rxe8 25. Nc6 Re3 26. Rd3 Rxd3 27. cxd3 Qd5 28. Qd2+ g5 29. Ne7 Qxf3 30. Nf5+ Kg6 31. Qc3 Qf2+ 32. Kb3 Bd5+ 33. Ka4 b5+ 34. Kxb5 Qb6+ 35. Ka4 Qa6# {White checkmated} 0-1

[Event "FICS rated blitz game"]
[Site "FICS freechess.org"]
[FICSGamesDBGameNo "20002225"]
[White "TheGamesMan"]
[Black "braingo"]
[WhiteElo "1053"]
[BlackElo "1614"]
[WhiteRD "na"]
[BlackRD "na"]
[TimeControl "300+0"]
[Date "1999.10.01"]
[Time "20:04:00"]
[WhiteClock "0:05:00.000"]
[BlackClock "0:05:00.000"]
[ECO "D02"]
[PlyCount "56"]
[Result "0-1"]

1. d4 Nf6 2. Nf3 d5 3. Bf4 e6 4. Ne5 Nbd7 5. f3 Bd6 6. Nd2 O-O 7. c3 c5 8. g3 cxd4 9. cxd4 a6 10. a3 Bb8 11. Bg2 Nxe5 12. dxe5 Nd7 13. O-O Nxe5 14. Qc2 Bd7 15. Nb3 Nc4 16. Bxb8 Rxb8 17. Nc5 Ne3 18. Qc3 Nxf1 19. Nxd7 Qxd7 20. Kxf1 Rfc8 21. Qe5 Rc2 22. b4 Rbc8 23. Bh3 g6 24. Rd1 Rc1 25. Rxc1 Rxc1+ 26. Kf2 Qc7 27. Qg5 Qb6+ 28. Kg2 Qg1# {White checkmated} 0-1

[Event "FICS rated blitz game"]
[Site "FICS freechess.org"]
[FICSGamesDBGameNo "20002224"]
[White "PINKFLOYD"]
[Black "Hasdrubal"]
[WhiteElo "1782"]
[BlackElo "1819"]
[WhiteRD "na"]
[BlackRD "na"]
[TimeControl "300+0"]
[Date "1999.10.01"]
[Time "20:04:00"]
[WhiteClock "0:05:00.000"]
[BlackClock "0:05:00.000"]
[ECO "E70"]
[PlyCount "86"]
[Result "0-1"]

1. d4 Nf6 2. c4 g6 3. Nc3 Bg7 4. e4 O-O 5. e5 Ne8 6. f4 d6 7. Nf3 dxe5 8. dxe5 Qxd1+ 9. Nxd1 Bg4 10. Be2 c6 11. O-O Nc7 12. Nf2 Bxf3 13. Bxf3 Nd7 14. b4 Nb6 15. Be2 f6 16. Bb2 Na4 17. Bd4 Ne6 18. Rad1 Nxd4 19. Rxd4 fxe5 20. Rd7 exf4 21. Rxe7 Nc3 22. Bg4 b5 23. Be6+ Kh8 24. cxb5 cxb5 25. h3 f3 26. Ng4 Ne2+ 27. Kh2 fxg2 28. Kxg2 Nf4+ 29. Kh2 Nxe6 30. Rxe6 Rxf1 31. Re7 h5 32. Ne3 Rf2+ 33. Kg3 Rxa2 34. Nd5 a5 35. Rb7 axb4 36. Rxb5 R8a3+ 37. Kf4 Rxh3 38. Ne7 Kh7 39. Nd5 b3 40. Rb7 Ra4+ 41. Rb4 Rxb4+ 42. Nxb4 Rh4+ 43. Ke3 Rxb4 {White resigns} 0-1

[Event "FICS rated blitz game"]
[Site "FICS freechess.org"]
[FICSGamesDBGameNo "20002222"]
[White "Silvia"]
[Black "Schelli"]
[WhiteElo "1870"]
[BlackElo "1468"]
[WhiteRD "na"]
[BlackRD "na"]
[TimeControl "180+0"]
[Date "1999.10.01"]
[Time "17:20:00"]
[WhiteClock "0:03:00.000"]
[BlackClock "0:03:00.000"]
[ECO "B77"]
[PlyCount "87"]
[Result "1-0"]

1. e4 c5 2. Nf3 d6 3. d4 cxd4 4. Nxd4 Nc6 5. Nc3 g6 6. Be3 Bg7 7. f3 Nf6 8. Qd2 O-O 9. Bc4 a6 10. Bb3 Nxd4 11. Bxd4 b5 12. O-O-O Bd7 13. g4 h5 14. gxh5 Nxh5 15. Rhg1 b4 16. Nd5 Bxd4 17. Qxd4 e6 18. Ne3 a5 19. f4 Nxf4 20. Qd2 Bb5 21. Nc4 a4 22. Qxf4 axb3 23. cxb3 Rxa2 24. Kc2 Bxc4 25. bxc4 Qb6 26. Rd3 Rc8 27. Rgg3 Rxc4+ 28. Kd2 Rxb2+ 29. Kd1 Qc5 30. h4 b3 31. h5 Rb1+ 32. Ke2 Rc2+ 33. Kf3 Qf2+ 34. Kg4 Qe2+ 35. Qf3 Qxf3+ 36. Rgxf3 gxh5+ 37. Kh4 Rh1+ 38. Rh3 Rxh3+ 39. Kxh3 b2 40. Rb3 Re2 41. Kh4 Kf8 42. Rb8+ Ke7 43. Rb7+ Kf6 44. e5+ {Black forfeits on time} 1-0

[Event "FICS rated blitz game"]
[Site "FICS freechess.org"]
[FICSGamesDBGameNo "20002221"]
[White "Novelty"]
[Black "telephone"]
[WhiteElo "1391"]
[BlackElo "1383"]
[WhiteRD "na"]
[BlackRD "na"]
[TimeControl "180+6"]
[Date "1999.10.01"]
[Time "15:51:00"]
[WhiteClock "0:03:00.000"]
[BlackClock "0:03:00.000"]
[ECO "A00"]
[PlyCount "57"]
[Result "1-0"]

1. e3 e5 2. c4 Nc6 3. g3 Nf6 4. Bg2 e4 5. f3 exf3 6. Nxf3 d5 7. cxd5 Nxd5 8. Nc3 Nxc3 9. bxc3 Bd6 10. O-O O-O 11. d4 Bg4 12. Qc2 Rb8 13. e4 Qd7 14. Nh4 Be7 15. Nf5 Bxf5 16. Rxf5 g6 17. Rd5 Qe6 18. Bh6 Rfd8 19. Rxd8+ Rxd8 20. d5 Bc5+ 21. Kh1 Qf6 22. dxc6 bxc6 23. Rd1 Rb8 24. Rb1 Rd8 25. h4 Bd6 26. Bg5 Qe5 27. Bxd8 Qxg3 28. Bf1 Qxh4+ 29. Bxh4 {Black resigns} 1-0